[Event "Goteborg Open 2024"]
[Site "Goteborgs Schackcentrum, Vegatan 20, Gothenburg, Sweden"]
[Date "2024.08.04"]
[Round "7.3"]
[White "Wesslen, Ulf"]
[Black "Lennerstad, Allan"]
[Result "0-1"]
[TimeControl "15 minutes + 5 seconds per move from move one (Round 1 - 4) / 90 minutes + 30 seconds per move from move one (Round 5 - 8)"]
[WhiteFideId "1705199"]
[BlackFideId "1723774"]
[WhiteElo "1953"]
[BlackElo "1950"]

1. e4 c5 2. Nf3 d6 3. d4 cxd4 4. Nxd4 Nf6 5. Nc3 a6 6. Bg5 e6 7. f4 Be7 8. Qf3 Qc7 9. O-O-O Nbd7 10.
Kb1 h6 11. Bxf6 Bxf6 12. Be2 b5 13. Rhe1 Rb8 14. Qh3 Nc5 15. Bxb5+ Kf8 16. e5 Be7 17. Bc6 d5 18. Qf3 Rb4 19.
Bxd5 exd5 20. f5 Qb6 21. b3 Bb7 22. Qf2 Ne4 23. Nxe4 dxe4 24. c3 Rb5 25. Qg3 Rc5 26. e6 Qc7 27. Qf2 Rxc3 28. exf7 Kxf7 29.
Ne6 Qc6 30. Qe2 Rc8 31. Nd4 Qf6 32. g4 e3 33. Rf1 Ba3 0-1

[Event "Goteborg Open 2024"]
[Site "Goteborgs Schackcentrum, Vegatan 20, Gothenburg, Sweden"]
[Date "2024.08.04"]
[Round "7.4"]
[White "Ottgard, Andreas"]
[Black "Utriainen, Tapani"]
[Result "1-0"]
[TimeControl "15 minutes + 5 seconds per move from move one (Round 1 - 4) / 90 minutes + 30 seconds per move from move one (Round 5 - 8)"]
[WhiteFideId "1730592"]
[BlackFideId "16300696"]
[WhiteElo "1900"]
[BlackElo "1914"]

1. c4 f5 2. g3 Nf6 3. Bg2 e5 4. Nc3 Bc5 5. d3 O-O 6. Nf3 d6 7. a3 a5 8. O-O c6 9. d4 exd4 10.
Nxd4 Qe7 11. Qd3 Ng4 12. e3 Ne5 13. Qe2 Nbd7 14. b3 Nf6 15. Bb2 Qf7 16. Rfd1 Be6 17. Nxe6 Qxe6 18. Rd2 Rae8 19.
Rad1 Nfg4 20. h3 Nxf2 21. Kxf2 Ng4+ 22. hxg4 Bxe3+ 23. Ke1 fxg4 24. Ne4 Bxd2+ 25. Rxd2 d5 26. cxd5 cxd5 27. Nf6+ Qxf6 28.
Bxf6 Rxe2+ 29. Rxe2 Rxf6 30. Bxd5+ Kf8 31. Bxb7 Rb6 32. Bd5 g6 33. Re4 Rd6 34. Bc4 Kg7 35. Rxg4 h5 36. Re4 Kf6 37.
Ke2 g5 38. Ke3 Rd1 39. Re6+ Kf5 40. Ra6 Re1+ 41. Kf2 Re5 42. Bd3+ Kg4 43. Be2+ Kh3 44. Bxh5 Rf5+ 45. Bf3 1-0

[Event "Goteborg Open 2024"]
[Site "Goteborgs Schackcentrum, Vegatan 20, Gothenburg, Sweden"]
[Date "2024.08.04"]
[Round "7.5"]
[White "Borin, Jesper"]
[Black "Mohammed, Safian Haj"]
[Result "1-0"]
[TimeControl "15 minutes + 5 seconds per move from move one (Round 1 - 4) / 90 minutes + 30 seconds per move from move one (Round 5 - 8)"]
[WhiteFideId "1771337"]
[BlackFideId "1729276"]
[WhiteElo "1905"]
[BlackElo "1890"]

1. e4 c5 2. Nf3 d6 3. Bb5+ Bd7 4. Bxd7+ Qxd7 5. c4 Nc6 6. d4 cxd4 7. Nxd4 Nf6 8. Nc3 g6 9. f3 Bg7 10.
Be3 Ne5 11. b3 Qd8 12. Rc1 Qa5 13. O-O O-O 14. Qd2 Rfd8 15. Rfd1 Rac8 16. Kh1 a6 17. a4 Nfd7 18. Rb1 Qc7 19.
Nd5 Qb8 20. Nxe7+ Kf8 21. Nxc8 Qxc8 22. Ne2 Nf6 23. Nf4 Qc6 24. Nd5 Nh5 25. Bg5 f6 26. Bh6 Qd7 27. Bxg7+ Kxg7 28. Qd4 Nf4 29.
Nxf4 1-0

[Event "Goteborg Open 2024"]
[Site "Goteborgs Schackcentrum, Vegatan 20, Gothenburg, Sweden"]
[Date "2024.08.04"]
[Round "7.6"]
[White "Westlund, Tim"]
[Black "Degerfeldt, Sven"]
[Result "0-1"]
[TimeControl "15 minutes + 5 seconds per move from move one (Round 1 - 4) / 90 minutes + 30 seconds per move from move one (Round 5 - 8)"]
[WhiteFideId "1754718"]
[BlackFideId "1717430"]
[WhiteElo "1886"]
[BlackElo "1902"]

1. e4 c5 2. Nf3 e6 3. d4 cxd4 4. Nxd4 a6 5. Nc3 Nc6 6. Be2 Qc7 7. Be3 Nf6 8. O-O b5 9. a3 Bb7 10.
f4 d6 11. Bf3 Be7 12. Kh1 O-O 13. g4 Nd7 14. Qe2 Bf6 15. Nxc6 Bxc6 16. g5 Bxc3 17. bxc3 f5 18. gxf6 Nxf6 19.
Qg2 Rf7 20. f5 e5 21. Rae1 Kh8 22. Rg1 Rg8 23. Bg5 Qb7 24. Bxf6 Rxf6 25. Re2 Qf7 26. Qg4 Bd7 27. Reg2 d5 28.
Qg5 dxe4 29. Bh5 Qf8 30. Bg6 Bxf5 31. Bxf5 Rxf5 32. Qh4 Rf4 33. Qh5 Rf5 34. Qh3 g6 35. Qg4 Rf4 36. Qe6 Qf6 37.
Qh3 Rf3 38. Qh6 Rf1 39. Qe3 Rxg1+ 40. Kxg1 Qf4 41. Re2 Rf8 42. Qxf4 Rxf4 43. Kg2 Kg7 44. Re3 Kf6 45. c4 bxc4 46.
Rc3 Kf5 47. h3 Rf3 48. Rxc4 Rxa3 49. Rc6 Kf4 50. Kf2 Rxh3 51. Rxa6 Rh2+ 52. Ke1 Rxc2 53. Ra3 e3 54. Ra8 h5 55.
Kf1 g5 56. Rf8+ Kg3 57. Re8 Rf2+ 58. Ke1 Kf4 59. Rf8+ Ke4 60. Ra8 g4 61. Rh8 Rh2 62. Rg8 Kf3 63. Rf8+ Kg3 64. Rf5 e4 65.
Ra5 h4 66. Kf1 Rf2+ 67. Ke1 Rb2 68. Kf1 h3 69. Ra3 Kf3 70. Kg1 g3 71. Ra1 Rf2 72. Ra3 h2+ 0-1

[Event "Goteborg Open 2024"]
[Site "Goteborgs Schackcentrum, Vegatan 20, Gothenburg, Sweden"]
[Date "2024.08.04"]
[Round "7.7"]
[White "Harila, Per"]
[Black "Madevan Vaishnavi, Yaashvan"]
[Result "1-0"]
[TimeControl "15 minutes + 5 seconds per move from move one (Round 1 - 4) / 90 minutes + 30 seconds per move from move one (Round 5 - 8)"]
[WhiteFideId "1707248"]
[BlackFideId "1772180"]
[WhiteElo "1947"]
[BlackElo "1684"]

1. c4 e5 2. g3 Nf6 3. Bg2 Nc6 4. d3 Bc5 5. e4 d6 6. Ne2 Ng4 7. O-O Qf6 8. d4 Nxd4 9. Nxd4 exd4 10.
h3 Ne5 11. f4 Nc6 12. Kh2 O-O 13. Nd2 Bd7 14. a3 a5 15. Nf3 Be6 16. Qd3 h6 17. Bd2 a4 18. g4 Qe7 19. g5 hxg5 20.
Nxg5 f6 21. Nxe6 Qxe6 22. Bf3 Rae8 23. Rae1 Kh8 24. Rg1 Rg8 25.
Bh5 g5 26. Bxe8 Qxe8 27. Rg4 Qe6 28. Qg3 Rg7 29. b4 axb3 30. Qxb3 Rh7 31. Kg2 Qc8 32. Qf3 Qe6 33. Qb3 Qc8 34.
a4 gxf4 35. Bxf4 Ne5 36. Bxe5 dxe5 37. Rf1 Be7 38. Rf3 Rh5 39. c5 c6 40. Rfg3 Rg5 41. Qf7 Qf8 42. Rh4+ 1-0

[Event "Goteborg Open 2024"]
[Site "Goteborgs Schackcentrum, Vegatan 20, Gothenburg, Sweden"]
[Date "2024.08.04"]
[Round "7.8"]
[White "Fransson, Lennart"]
[Black "Andersson, Stig"]
[Result "1-0"]
[TimeControl "15 minutes + 5 seconds per move from move one (Round 1 - 4) / 90 minutes + 30 seconds per move from move one (Round 5 - 8)"]
[WhiteFideId "1706756"]
[BlackFideId "1731971"]
[WhiteElo "1926"]
[BlackElo "1889"]

1. c4 Nf6 2. g3 c5 3. Bg2 Nc6 4.
Nc3 d6 5. d3 g6 6. Rb1 Bg7 7. a3 Ng4 8. Bd2 O-O 9. b4 f5 10. e3 Nge5 11. Qc2 e6 12. Nge2 g5 13. f4 Nf7 14.
O-O g4 15. Rfd1 Qe7 16. Be1 Rb8 17. bxc5 dxc5 18. Bxc6 Nd8 19. Bg2 Nc6 20. Bxc6 1-0

[Event "Goteborg Open 2024"]
[Site "Goteborgs Schackcentrum, Vegatan 20, Gothenburg, Sweden"]
[Date "2024.08.04"]
[Round "7.9"]
[White "Ask, Josef"]
[Black "Gallardo, Guillermo"]
[Result "1-0"]
[TimeControl "15 minutes + 5 seconds per move from move one (Round 1 - 4) / 90 minutes + 30 seconds per move from move one (Round 5 - 8)"]
[WhiteTitle "FM"]
[WhiteFideId "1704583"]
[BlackFideId "1773488"]
[WhiteElo "2129"]
[BlackElo "1822"]

1. c4 c5 2. Nc3 Nc6 3. g3 g6 4. Bg2 Bg7 5. Rb1 e6 6. a3 a5 7. e4 d6 8. Nge2 Nge7 9. Nb5 O-O 10.
d4 cxd4 11. Nexd4 Nxd4 12. Nxd4 Bd7 13. Bg5 Re8 14. O-O Qb6 15. Be3 Qc7 16. Rc1 Bc6 17. Qd2 Nc8 18. Rfd1 e5 19. Nb5 Bxb5 20.
cxb5 Qd7 21. b6 1-0

[Event "Goteborg Open 2024"]
[Site "Goteborgs Schackcentrum, Vegatan 20, Gothenburg, Sweden"]
[Date "2024.08.04"]
[Round "7.10"]
[White "Lindholm, Marcus"]
[Black "Green, David"]
[Result "1-0"]
[TimeControl "15 minutes + 5 seconds per move from move one (Round 1 - 4) / 90 minutes + 30 seconds per move from move one (Round 5 - 8)"]
[WhiteFideId "1743473"]
[BlackFideId "1769332"]
[WhiteElo "1851"]
[BlackElo "1946"]

1. d4 d5 2. c4 c6 3. Nc3 e6 4. cxd5 exd5 5. Nf3 Nf6 6. Bg5 Be7 7. e3 O-O 8. Bd3 Nbd7 9. O-O Re8 10.
h3 h6 11. Bf4 Nf8 12. Qc2 Bd6 13. Bxd6 Qxd6 14. Rad1 N8h7 15. Ne5 Ng5 16. f4 Nge4 17. Nxe4 dxe4 18. Bxe4 Nxe4 19. Qxe4 f6 20.
Qg6 Qe7 21. Nc4 b5 22. Nd6 Qxe3+ 23. Kh2 Re7 24. Rde1 Qxe1 25. Rxe1 Rxe1 26. Qf7+ Kh7 27. Ne8 Rxe8 28. Qxe8 Bb7 29.
Qd7 Bc8 30. Qxc6 Rb8 31. g4 Kg6 32. d5 h5 33. Qe8+ 1-0

[Event "Goteborg Open 2024"]
[Site "Goteborgs Schackcentrum, Vegatan 20, Gothenburg, Sweden"]
[Date "2024.08.04"]
[Round "7.11"]
[White "Eldh, Hjalmar"]
[Black "Thern, Alfred"]
[Result "1/2-1/2"]
[TimeControl "15 minutes + 5 seconds per move from move one (Round 1 - 4) / 90 minutes + 30 seconds per move from move one (Round 5 - 8)"]
[WhiteFideId "1767968"]
[BlackFideId "1775227"]
[WhiteElo "1897"]
[BlackElo "1729"]

1. e4 c5 2. Nf3 Nc6 3. Bb5 e5 4. O-O Bd6 5. c3 Nge7 6. d4 cxd4 7. cxd4 exd4 8. Nxd4 O-O 9. Nc3 a6 10. Bxc6 dxc6 11. Bg5 h6 12.
Be3 f5 13. Qb3+ Kh8 14. Ne6 Bxe6 15.
Qxe6 Rf6 16. Qb3 Qc7 17. f4 fxe4 18. Nxe4 Rff8 19. Nxd6 Qxd6 20. Rad1 Qc7 21. Bb6 Qc8 22. Bc5 Re8 23.
Qf7 Qf5 24. Qxf5 Nxf5 25. Rd7 b6 26. Bxb6 Rab8 27. Bc7 Rxb2 28. Be5 Re2 29. Rc1 Re7 30. Rd3 Ne3 31. Rxc6 Rxg2+ 32. Kh1 Re2 33.
Rxh6+ Kg8 34. Rb6 Ng4 35. Rg3 Nxe5 36. fxe5 Rxa2 37. e6 Re2 38. Rxa6 1/2-1/2

[Event "Goteborg Open 2024"]
[Site "Goteborgs Schackcentrum, Vegatan 20, Gothenburg, Sweden"]
[Date "2024.08.04"]
[Round "7.12"]
[White "Lifmark, Kaspar"]
[Black "Johansson, Eva"]
[Result "0-1"]
[TimeControl "15 minutes + 5 seconds per move from move one (Round 1 - 4) / 90 minutes + 30 seconds per move from move one (Round 5 - 8)"]
[WhiteFideId "1742396"]
[BlackFideId "1724584"]
[WhiteElo "1672"]
[BlackElo "1878"]

1. e4 d6 2. d4 Nf6 3. Nc3 Nbd7 4. f4 e5 5. Nf3 exf4 6. Bxf4 Nb6 7. Qd2 Be6 8. d5 Bd7 9. O-O-O Be7 10.
h3 a6 11. g4 Na4 12. Re1 O-O 13. Nd4 Nxc3 14. Qxc3 Rc8 15. Qb3 c5 16. Nf5 b5 17. Bxd6 Bxf5 18. Bxe7 Qxe7 19. gxf5 c4 20.
Qe3 c3 21. Rg1 Qb4 22. b3 Rfd8 23. Qh6 Ne8 24. Rxg7+ Nxg7 25. f6 Qa3+ 26. Kd1 Qf8 27. Bd3 Ne6 28. Rg1+ Kh8 29. Qh4 Qc5 30.
Rg4 Qe3 31. Rg2 Qf3+ 32. Re2 Rg8 33. Kc1 Rg1+ 34. Re1 Qe3+ 35. Kd1 Qd2# 0-1

[Event "Goteborg Open 2024"]
[Site "Goteborgs Schackcentrum, Vegatan 20, Gothenburg, Sweden"]
[Date "2024.08.04"]
[Round "7.13"]
[White "Bergdahl, Martin"]
[Black "Torres, Lucas"]
[Result "0-1"]
[TimeControl "15 minutes + 5 seconds per move from move one (Round 1 - 4) / 90 minutes + 30 seconds per move from move one (Round 5 - 8)"]
[WhiteFideId "1782231"]
[BlackFideId "1769464"]
[WhiteElo "1711"]
[BlackElo "1861"]

1. e4 e6 2. d4 d5 3.
exd5 exd5 4. Bd3 Bd6 5. h3 Nc6 6. Nf3 Nge7 7. O-O Bf5 8. Re1 Qd7 9. Bxf5 Qxf5 10. c3 O-O-O 11. a4 f6 12.
Nbd2 g5 13. b4 h5 14. Qe2 g4 15. Nh4 Qg5 16. g3 Qg7 17. Nb3 gxh3 18. Qe6+ Kb8 19. Qxh3 Ng6 20. a5 Nce7 21. Kf1 Nxh4 22.
gxh4 Rhg8 23. Be3 Qg6 24. Rad1 Nf5 25. b5 Nxe3+ 26. Qxe3 Qg2+ 0-1

[Event "Goteborg Open 2024"]
[Site "Goteborgs Schackcentrum, Vegatan 20, Gothenburg, Sweden"]
[Date "2024.08.04"]
[Round "7.14"]
[White "Helin, Mikael"]
[Black "Evertsson, David"]
[Result "1-0"]
[TimeControl "15 minutes + 5 seconds per move from move one (Round 1 - 4) / 90 minutes + 30 seconds per move from move one (Round 5 - 8)"]
[WhiteTitle "CM"]
[WhiteFideId "1703838"]
[BlackFideId "1777424"]
[WhiteElo "1937"]
[BlackElo "1642"]

1. e4 c5 2. c4 Nc6 3. Nc3 g6 4. g3 Bg7 5. Bg2 a6 6. d3 Rb8 7. a4 d6 8. Nge2 e6 9. O-O Nge7 10.
Bf4 O-O 11. Qd2 e5 12. Bh6 Be6 13. h3 Qd7 14. Kh2 f5 15. Bxg7 Kxg7 16. Nd5 Bxd5 17. exd5 Nd4 18. Nxd4 exd4 19.
f4 b5 20. b4 bxa4 21. bxc5 dxc5 22. Rfe1 Nc8 23. Qa5 Qa7 24. Re6 Rf6 25. Rae1 Rb7 26. Rxf6 Kxf6 27. Qd8+ Kf7 28. Qxc8 a3 29.
d6 Rd7 30. Qe8+ Kg7 31. Re7+ Rxe7 32. dxe7 Kh6 33. Qf8+ Kh5 34. Bf3# 1-0

[Event "Goteborg Open 2024"]
[Site "Goteborgs Schackcentrum, Vegatan 20, Gothenburg, Sweden"]
[Date "2024.08.04"]
[Round "7.15"]
[White "Johansson, Stefan"]
[Black "Karlsson, Stefan"]
[Result "0-1"]
[TimeControl "15 minutes + 5 seconds per move from move one (Round 1 - 4) / 90 minutes + 30 seconds per move from move one (Round 5 - 8)"]
[WhiteFideId "1732242"]
[BlackFideId "1771183"]
[WhiteElo "1933"]
[BlackElo "2042"]

1. e4 c5 2. Nf3 Nc6 3.
b4 Nxb4 4. c3 Nc6 5. d4 cxd4 6. cxd4 e6 7. Be2 d5 8. e5 Nge7 9. O-O Nf5 10. Nc3 Be7 11. Rb1 O-O 12. Bf4 a6 13.
a4 Rb8 14. Rb2 Bd7 15. Qd3 Na5 16.
Rfb1 Bc6 17. Bd1 Nc4 18. Rb3 Qd7 19. Bc2 g6 20. g4 Ng7 21. Bh6 f5 22. exf6 Bxf6 23. Ng5 Bxg5 24. Bxg5 e5 25. Qg3 Ne6 26. Bh6 Nxd4 27.
Bxf8 Rxf8 28. Bd1 Nxb3 29. Bxb3 Nd2 30. Rb2 Nxb3 31. Rxb3 d4 32. Ne2 Qd5 0-1

[Event "Goteborg Open 2024"]
[Site "Goteborgs Schackcentrum, Vegatan 20, Gothenburg, Sweden"]
[Date "2024.08.04"]
[Round "7.16"]
[White "Ulmer, Maya Vissing"]
[Black "Olsson, Jonas"]
[Result "1-0"]
[TimeControl "15 minutes + 5 seconds per move from move one (Round 1 - 4) / 90 minutes + 30 seconds per move from move one (Round 5 - 8)"]
[WhiteFideId "1479997"]
[BlackFideId "1734415"]
[WhiteElo "1676"]
[BlackElo "1741"]

1. d4 e6 2. c4 f5 3. g3 Nf6 4. Bg2 d5 5. cxd5 exd5 6. Nf3 Nc6 7. O-O Be7 8. Nc3 O-O 9. Qb3 Na5 10.
Qc2 Re8 11. Ne5 c6 12. Rd1 Nc4 13. Nxc4 dxc4 14. d5 Qb6 15. Be3 Bc5 16. Na4 Qd8 17. Bxc5 cxd5 18. Nc3 Be6 19. Bd4 Ne4 20.
Bxe4 fxe4 21. Qd2 b6 22. Be3 Qf6 23. Nxd5 Bxd5 24. Qxd5+ Kh8 25. Bd4 Qg6 26. Qxc4 Rac8 27. Qa4 a5 28.
Rac1 Rcd8 29. Be3 Rb8 30. Rc6 Re6 31. Rxe6 Qxe6 32. b3 h5 33. Qd7 Qg8 34. Rd6 Qh7 35. Rxb6 Rg8 36. h4 1-0

[Event "Goteborg Open 2024"]
[Site "Goteborgs Schackcentrum, Vegatan 20, Gothenburg, Sweden"]
[Date "2024.08.04"]
[Round "7.17"]
[White "Shchetinin, Oleg"]
[Black "Eklund, Rickard"]
[Result "1-0"]
[TimeControl "15 minutes + 5 seconds per move from move one (Round 1 - 4) / 90 minutes + 30 seconds per move from move one (Round 5 - 8)"]
[WhiteFideId "1740210"]
[BlackFideId "1789040"]
[WhiteElo "1742"]
[BlackElo "1595"]

1. e4 c5 2. a3 d6 3. b4 cxb4 4. axb4 Nf6 5. d3 e6 6. Nf3 Be7 7. g3 O-O 8. Bg2 e5 9. O-O Be6 10.
Be3 Ng4 11. Qd2 Nxe3 12. Qxe3 b6 13. c4 Nd7 14. Nc3 f5 15. exf5 Bxf5 16. Nd2 Bg5 17. Qe2 Bf6 18.
Bxa8 Qxa8 19. Rac1 Bh3 20. Qe4 Qxe4 21.
Ndxe4 Bxf1 22. Kxf1 Be7 23. Nd5 Bf6 24. Nxd6 Bg5 25. Ra1 a5 26. bxa5 bxa5 27. Rxa5 Bd2 28. Rb5 h5 29. c5 1-0

[Event "Goteborg Open 2024"]
[Site "Goteborgs Schackcentrum, Vegatan 20, Gothenburg, Sweden"]
[Date "2024.08.04"]
[Round "7.19"]
[White "Israelsson, Lukas"]
[Black "Hammar, Arvid"]
[Result "1-0"]
[TimeControl "15 minutes + 5 seconds per move from move one (Round 1 - 4) / 90 minutes + 30 seconds per move from move one (Round 5 - 8)"]
[WhiteFideId "1784749"]
[BlackFideId "1735977"]
[WhiteElo "1615"]
[BlackElo "1653"]

1. e4 c5 2. Nc3 e6 3. g3 d5 4.
Bg2 d4 5. Nce2 e5 6. d3 Be7 7. f4 Nc6 8. Nf3 f6 9. O-O Bg4 10. fxe5 fxe5 11. c3 Nf6 12. cxd4 cxd4 13. Bd2 O-O 14.
Qb3+ Kh8 15. Qxb7 Qd6 16. Rac1 Rfc8 17. Ng5 Bh5 18. Bh3 Ng4 19. Bxg4 Bxg5 20. Bxc8 Bxd2 21. Qxa8 Be3+ 22. Kg2 Nd8 23.
Qd5 Qe7 24. Rc7 Qe8 25. Rd7 Bg5 26. Qxe5 Ne6 27. Nxd4 Qxc8 28. Nxe6 Qc2+ 29. Rf2 Bf3+ 30. Kxf3 Qd1+ 31. Kg2 1-0

[Event "Goteborg Open 2024"]
[Site "Goteborgs Schackcentrum, Vegatan 20, Gothenburg, Sweden"]
[Date "2024.08.04"]
[Round "7.20"]
[White "Saleh, Saqr"]
[Black "Hitcher, Oscar"]
[Result "1-0"]
[TimeControl "15 minutes + 5 seconds per move from move one (Round 1 - 4) / 90 minutes + 30 seconds per move from move one (Round 5 - 8)"]
[WhiteFideId "1785877"]
[BlackFideId "1746901"]
[WhiteElo "1835"]
[BlackElo "1679"]

1. c4 g6 2. g3 Bg7 3. Nc3 d6 4. Bg2 c6 5. Nf3 Bg4 6. O-O Nd7 7. d3 Qc7 8. h3 Bxf3 9. exf3 Ngf6 10. Re1 e6 11. Be3 O-O 12. Qd2 Ne5 13. f4 Ned7 14. Ne4 Nxe4 15. dxe4 Nb6 16. Rac1 Rad8 17.
b3 a6 18. Red1 Rfe8 19. Qc2 Na8 20. f5 e5 21. fxg6 fxg6 22. Rd3 Qf7 23. Rcd1 Bf8 24. Bc5 Qf6 25. Bb4 c5 26. Bd2 Nc7 27.
h4 Ne6 28. Qc1 Rd7 29. Bh3 Rf7 30.
Rf1 Nd4 31. Qd1 Nf3+ 32. Kg2 Nxd2 33. Qxd2 b6 34. b4 cxb4 35. Qxb4 d5 36. Qa4 Rd8 37. cxd5 Kg7 38. Be6 Ra7 39. Rf3 b5 40. Qa5 Qe7 41. Rf7+ Qxf7 42. Bxf7 Rdd7 43. Be6 Rdc7 44. Qd2 b4 45.
Rc1 Rcb7 46. Qb2 Bd6 47. Rc6 Bb8 48. Rc8 h6 49. Rxb8 1-0

[Event "Goteborg Open 2024"]
[Site "Goteborgs Schackcentrum, Vegatan 20, Gothenburg, Sweden"]
[Date "2024.08.04"]
[Round "7.21"]
[White "Murugaraja, Yogeshwer"]
[Black "Dahlin, Emil"]
[Result "1-0"]
[TimeControl "15 minutes + 5 seconds per move from move one (Round 1 - 4) / 90 minutes + 30 seconds per move from move one (Round 5 - 8)"]
[WhiteFideId "1779389"]
[BlackFideId "1771035"]
[WhiteElo "1628"]
[BlackElo "1719"]

1. c4 f5 2. Nf3 Nf6 3. Nc3 g6 4. g3 Bg7 5. Bg2 d6 6. d4 Nc6 7. e3 O-O 8. O-O e5 9. dxe5 dxe5 10.
b3 Be6 11. Ng5 Bf7 12. e4 fxe4 13. Ncxe4 h6 14. Nxf7 Rxf7 15. Bb2 Rd7 16. Nxf6+ Bxf6 17. Qg4 Kh7 18. Rad1 Rd2 19. Be4 Bg5 20.
Rxd2 Qxd2 21. Rd1 Qxb2 22. Rd7+ Kh8 23. h4 Qc1+ 24. Kg2 Re8 25. hxg5 Qxg5 26.
Qxg5 hxg5 27. Rxc7 Nb4 28. Rxb7 Nxa2 29. Rxa7 Nc1 30. Bxg6 Rb8 31. Ra5 Kg7 32. Bc2 Nxb3 33. Bxb3 Rxb3 34. Rxe5 Kf6 35. Rb5 Rc3 36. c5 g4 37. Rb6+ Kf5 38. Rc6 Rc4 39. Rc8 Ke6 40. c6 Kd6 41. c7 Kd7 42.
Rf8 Kxc7 43. Rf4 Rc2 44. Rxg4 Kd6 45. Rf4 Ke5 46. Kh3 Rc1 47. Rf8 Rd1 48. Kg4 Rg1 49. f4+ Ke6 50. f5+ Ke7 51. Rg8 Kf7 52. Rg6 Rf1 53. Kg5 Rg1 54. g4 Rg2 55. Ra6 Rb2 56. Ra7+ Kf8 57.
f6 Rg2 58. Kf5 Rg1 59. g5 Re1 60. Kg6 Re8 61. Rh7 Kg8 62.
f7+ 1-0